 Dungeon Crawl Stone Soup version 0.30-a0-358-g0d69a1922f (webtiles) character file.

Game seed: 251438376908687893

1781 ParallaxScroll the Changer (level 8, -4/66 HPs)
             Began as a Demigod Transmuter on Nov 9, 2022.
             Succumbed to a kobold brigand's poison
             ... on level 5 of the Dungeon.
             The game lasted 00:51:35 (5176 turns).

ParallaxScroll the Changer (Demigod Transmuter)     Turns: 5176, Time: 00:51:35

Health: -4/66      AC:  2    Str:  9 (11) XL:     8   Next: 52%
Magic:  12/15      EV: 21    Int: 20 (23) God:
Gold:   161        SH:  0    Dex: 17 (19) Spells: 6/12 levels left

rFire   . . .      SeeInvis .      - Unarmed
rCold   . . .      Faith    .    (shield currently unavailable)
rNeg    . . .      Spirit   .    (body armour currently unavailable)
rPois   x          Reflect  .    (helmet currently unavailable)
rElec   .          Harm     .    (cloak currently unavailable)
rCorr   +          Rampage  .    (gloves currently unavailable)
Will    .....                    (boots currently unavailable)
Stlth   ++........               y - amulet of the acrobat
HPRegen 0.31/turn                i - +4 ring of slaying
MPRegen 0.14/turn                l - ring of resist corrosion

@: lethally poisoned (-4 -> -32), spider-form, wereblooded
A: venomous fangs, tiny, high MP 1, forlorn, divine attributes
a: End Transformation


You were on level 5 of the Dungeon.
You were a venomous arachnid creature.
You visited 1 branch of the dungeon, and saw 6 of its levels.

You collected 197 gold pieces.
You spent 36 gold pieces at shops.

Inventory:

Hand Weapons
 a - a +4 hand axe (melded)
 b - a +0 sling
 c - a +0 short sword of draining
 j - a +0 dagger
 A - a +0 rapier
 C - the +3 sling of the Blind Eye {freeze, Drain rF- Str+3 Dex+10}
   (You found it on level 4 of the Dungeon)

   Any ammunition fired from it freezes those it strikes, dealing additional
   cold damage.
   It can also slow down cold-blooded creatures.
   Str:       It affects your strength (+3).
   Dex:       It affects your dexterity (+10).
   rF:        It makes you vulnerable to fire.
   Drain:     It drains your maximum health when unequipped.
 D - a +0 morningstar of protection
 F - a +0 shortbow
Missiles
 f - 44 stones
 G - 3 poisoned darts (quivered)
Armour
 g - a +0 robe (melded)
 m - a +4 ring mail
 s - a +0 pair of gloves (melded)
Jewellery
 i - a +4 ring of slaying (left front leg)
 l - a ring of resist corrosion (right front leg)
 y - an amulet of the acrobat (around neck)
 z - a ring of fire
Scrolls
 d - a scroll of immolation
 e - a scroll of enchant armour
 k - a scroll of summoning {unknown}
 o - 2 scrolls of teleportation
 w - a scroll of fog
 x - a scroll of enchant weapon {unknown}
 E - a scroll of fear {unknown}
 H - a scroll of magic mapping {unknown}
Potions
 p - 3 potions of haste
 q - 2 potions of magic
 t - a potion of might {unknown}
 u - a potion of heal wounds {unknown}
 v - a potion of ambrosia {unknown}
 B - a potion of cancellation {unknown}


   Skills:
 + Level 3.7 Fighting
 - Level 0.7 Short Blades
 - Level 2.0 Axes
 - Level 1.0 Ranged Weapons
 - Level 1.0 Throwing
 - Level 3.0 Armour
 + Level 3.6 Dodging
 + Level 4.5 Unarmed Combat
 + Level 2.6 Spellcasting
 + Level 6.4 Transmutations
 - Level 2.0 Poison Magic


You had 6 spell levels left.
You knew the following spells:

 Your Spells              Type           Power      Damage    Failure   Level
a - Beastly Appendage     Tmut           56%        N/A       5%          1
b - Wereblood             Tmut           28%        N/A       7%          2
c - Spider Form           Tmut/Pois      19%        N/A       21%         3

Your spell library contained the following spells:

 Spells                   Type           Power      Damage    Failure   Level
 Necrotise                Necr           8%         1d4       34%         1
 Slow                     Hex            8%         N/A       34%         1
 Ice Form                 Ice/Tmut       15%        N/A       58%         4
 Confusing Touch          Hex            2%         N/A       63%         3
 Vampiric Draining        Necr           2%         2d6       63%         3
 Leda's Liquefaction      Hex/Erth       1%         N/A       94%         4
 Agony                    Necr           2%         N/A       99%         5
 Lee's Rapid Deconstruct  Erth           1%         3d4*      99%         5
 Statue Form              Tmut/Erth      10%        N/A       100%        6


Dungeon Overview and Level Annotations

Branches:
Dungeon (6/15)
 Temple: D:4-7

Shops:
D:2 *

Annotations:
D:3 Sigmund


Innate Abilities, Weirdness & Mutations

You are a venomous arachnid creature.
You have poisonous fangs.
You are tiny and dextrous.
Your spellcasting is less reliable in this form.
Your armour is entirely melded.
You are incapable of wielding weapons or throwing items.
You have an increased reservoir of magic. (+10% MP)
You shall have no god before yourself.
Your divine heritage dramatically boosts your attributes as you level up.


Message History

Casting: Wereblood (safe; 1% risk of failure)
Confirm with . or Enter, or press ? or * to list all spells.
You grow a pair of large bovine horns.
Your feet morph into talons.
You feel very sick. The gnoll misses you. The kobold barely misses you.
Something hits you but does no damage. The kobold hits you with a +0 dagger.
The kobold brigand hits you but does no damage.
You are more poisoned.
It was a potion of magic.
Magic courses through your body.
* * * LOW HITPOINT WARNING * * *
You feel very sick. The gnoll completely misses you.
The kobold hits you with a +0 whip.
* * * LOW HITPOINT WARNING * * *
Something hits you but does no damage. The kobold brigand barely misses you.
The kobold hits you with a +0 dagger.
* * * LOW HITPOINT WARNING * * *
Unknown command.
Okay, then.
Unknown command.
Okay, then.
Unknown command.
Unknown command.
Casting: Beastly Appendage (safe; 1% risk of failure)
Confirm with . or Enter, or press ? or * to list all spells.
Your horns disappear.
Your talons disappear.
You turn into a venomous arachnid creature.
Your +4 hand axe melds into your body.
Your +0 pair of gloves melds into your body.
Your +0 robe melds into your body.
* * * LOW HITPOINT WARNING * * *
You feel very sick. The gnoll completely misses you.
The kobold completely misses you. Something completely misses you.
The kobold barely misses you.
The kobold brigand hits you with a +2 dagger of venom!
* * * LOW HITPOINT WARNING * * *
You are more poisoned.
It was a potion of degeneration.
There was something very wrong with that liquid.
You feel weakened.
You feel dopey.
You feel clumsy.
You die...

#..###..######.................#.
##############...................
### #.##.#....................##.
..###.##.#.......#[###.......†#..
..##..##.........#.>#..##.....#.#
..##.####....)....).)...........#
..##.## ##.......##.....#......##
......####.....KK##....##.....##
...##...##.....[s#...#####....#
##.####.##.....(Kg..## #...### #
#.# #.###.....##..# #.#.# ## ##.#
#...#.........#####.#.####. #..#
###.#>............#..[..... ..##
#.........#.##........... .##
##........#....###....... .#
######...........##...........
####.................#.##........


You could see a kobold brigand, a gnoll and 2 kobolds.

Vanquished Creatures
  6 yaks
  A water moccasin (D:5)
  An ice beast (D:5)
  A centaur (D:5)
  A phantom (D:4)
  Blork the orc (D:4)
  A scorpion (D:5)
  A necrophage (D:5)
  A hound (D:5)
  2 jellies (D:5)
  An iguana (D:5)
  2 orc wizards
  8 gnolls
  5 adders
  An ufetubus (D:5)
  4 worms
  3 dart slugs
  7 orcs
  2 endoplasms
  8 giant cockroaches
  6 goblins
  8 hobgoblins
  3 jackals (D:2)
  3 quokkas
  A ball python (D:1)
  8 bats
  A frilled lizard (D:1)
  11 kobolds
  9 rats
107 creatures vanquished.

Notes
Turn   | Place    | Note
-------+----------+-------------------------------------------
     0 | D:1      | ParallaxScroll the Demigod Transmuter began the quest for
                  | the Orb.
     0 | D:1      | Reached XP level 1. HP: 15/15 MP: 5/5
    80 | D:1      | Reached skill level 1 in Fighting
   148 | D:1      | Reached skill level 2 in Transmutations
   333 | D:1      | Reached XP level 2. HP: 17/23 MP: 5/7
   338 | D:1      | Learned a level 2 spell: Wereblood
   784 | D:2      | Reached XP level 3. HP: 29/29 MP: 6/8
  1358 | D:2      | Found Caib's General Store.
  1366 | D:2      | Bought a scroll of teleportation for 36 gold pieces
  1605 | D:2      | Reached XP level 4. HP: 36/36 MP: 7/9
  1612 | D:2      | Reached skill level 1 in Axes
  1614 | D:2      | Reached skill level 1 in Armour
  1614 | D:2      | Reached skill level 3 in Transmutations
  2341 | D:2      | Found Caib's General Store.
  2899 | D:3      | Noticed Sigmund
  2908 | D:4      | Noticed Blork the orc
  2921 | D:4      | Killed Blork the orc
  2922 | D:4      | Reached skill level 4 in Transmutations
  2922 | D:4      | Reached XP level 5. HP: 28/41 MP: 7/10
  3130 | D:4      | Reached XP level 6. HP: 48/48 MP: 9/11
  3386 | D:4      | Identified the +3 sling of the Blind Eye {freeze, Drain rF-
                  | Str+3 Dex+10}
  3415 | D:4      | Reached skill level 1 in Ranged Weapons
  3520 | D:5      | Entered Level 5 of the Dungeon
  3539 | D:5      | Noticed a yak
  3620 | D:5      | Reached skill level 1 in Poison Magic
  3649 | D:5      | Noticed a yak
  3649 | D:5      | Noticed a yak
  3675 | D:5      | Killed a yak
  3682 | D:4      | Learned a level 3 spell: Spider Form
  3815 | D:5      | Noticed a yak
  3815 | D:5      | Noticed a yak
  3833 | D:5      | Noticed a yak
  3841 | D:4      | Killed a yak
  3842 | D:4      | Reached skill level 5 in Transmutations
  3842 | D:4      | Reached XP level 7. HP: 18/55 MP: 8/12
  4053 | D:4      | Killed a yak
  4171 | D:4      | Killed a yak
  4298 | D:4      | Killed a yak
  4299 | D:4      | Reached skill level 6 in Transmutations
  4299 | D:4      | Reached XP level 8. HP: 54/63 MP: 9/13
  4534 | D:5      | Noticed a blizzard demon
  4534 | D:5      | Noticed an angel
  4774 | D:6      | Noticed a two-headed ogre
  4916 | D:5      | Reached skill level 1 in Throwing
  5175 | D:5      | HP: 2/66 [kobold brigand/+2 dagger of venom (7)]
  5176 | D:5      | Succumbed to a kobold brigand's poison

Illustrated notes

Levels and vault maps discovered:
D:1:      dpeg_arrival_rooms_c, layout_rooms
D:2:      layout_basic, serial_shops, nicolae_shop_hallway_stairs, basic_altar,
          hellmonk_ecumenical_altar_dog_temple, minmay_worlds_worst_comb
D:3:      layout_loops_ring, serial_glass, glass_columns_a, glass_columns_a,
          uniq_sigmund
D:4:      layout_cave_pools, uniq_blork_the_orc
D:5:      layout_rooms, grunt_temple_overflow_order_and_chaos_2,
          hellmonk_okawaru_the_only_friend_you_need
D:6:      layout_cave_pools, nicolae_water_bricks

Skill      XL: |  1  2  3  4  5  6  7  8 |
---------------+-------------------------+-----
Fighting       | 1 2 3 |  3.7
Transmutations | 2 4 5 6 |  6.4
Unarmed Combat | 3 4 |  4.5
Axes           | 1 2 |  2.0
Armour         | 2 3 |  3.0
Ranged Weapons | 1 |  1.0
Poison Magic   | 2 |  2.0
Dodging        | 3 |  3.6
Spellcasting   | 2 |  2.6
Throwing       | 1 |  1.0
Short Blades   | |  0.7

Action                   |  1- 3 |  4- 6 |  7- 9 || total
-------------------------+-------+-------+-------++-------
Melee: Unarmed           |    19 |     4 |    45 ||    68
       Dagger            |    39 |       |       ||    39
       Kick              |    14 |    20 |     4 ||    38
       Headbutt          |     9 |     5 |       ||    14
       Hand axe          |    28 |    60 |     6 ||    94
       Punch             |       |     1 |     1 ||     2
 Fire: Sling             |    39 |    38 |    23 ||   100
Throw: Stone             |     1 |       |       ||     1
       Dart              |       |       |     2 ||     2
 Cast: Beastly Appendage |    24 |    11 |     3 ||    38
       Wereblood         |     6 |    10 |     5 ||    21
       Spider Form       |       |     1 |     9 ||    10
  Use: Scroll            |     2 |     1 |     2 ||     5
       Potion            |       |       |     5 ||     5
 Stab: Sleeping          |     1 |       |       ||     1
Armor: Robe              |    10 |       |     8 ||    18
       Ring mail         |    17 |    49 |       ||    66
       Skin              |       |       |     5 ||     5
Dodge: Dodged            |    51 |    39 |    77 ||   167

Table legend: (Time is in decaauts)
 A = Elapsed time spent in this place.
 B = Non-inter-level travel time spent in this place.
 C = Inter-level travel time spent in this place.
 D = Time resting spent in this place.
 E = Time spent auto-exploring this place.
 F = Levels seen in this place.
 G = Mean time per level.
                   A        B        C        D        E       F      G
               +--------+--------+--------+--------+--------+-----+--------+
         Total |   5209 |   4957 |    252 |    929 |   3002 |   6 |  868.2 |
       Dungeon |   5209 |   4957 |    252 |    929 |   3002 |   6 |  868.2 |
               +--------+--------+--------+--------+--------+-----+--------+

Top non-repeatable levels by time:
     D:2: 1879 daAuts
     D:4: 1186 daAuts
     D:5: 1083 daAuts
     D:1: 756 daAuts
     D:3: 281 daAuts
     D:6: 22 daAuts
